 Dungeon Crawl Stone Soup version 0.32-a0-779-g362cfcae2a (console) character file.

Game seed: 1807445479098371698

129 jejorda2 the Poker (level 5, -4/42 HPs)
             Began as a Coglin Berserker on Mar 19, 2024.
             Was a Believer of Trog.
             Slain by Duvessa
             ... wielding a +2 short sword of speed
              (8 damage)
             ... on level 4 of the Dungeon.
             The game lasted 00:03:47 (2430 turns).

jejorda2 the Poker (Coglin Berserker)               Turns: 2430, Time: 00:03:48

Health: -4/42      AC:  4    Str: 19    XL:     5   Next: 12%
Magic:  5/5        EV: 11    Int:  6    God:    Trog [**....]
Gold:   246        SH:  0    Dex: 14    Spells: 4/4 levels left

rFire   . . .        c - +0 trident {Suthep}
rCold   . . .        a - +0 spear {Qitarah}
rNeg    . . .        l - +0 leather armour
rPois   .            f - +0 helmet
rElec   .            (no cloak)
rCorr   .            (no gloves)
SInv    .            (no boots)
Will    ++...        (amulet unavailable)
Stlth   +            (ring unavailable)
HPRegen 1.27/turn    (ring unavailable)
MPRegen 0.09/turn    (no gizmo)

%: no passive effects
@: strong-willed, regenerating
A: off-hand wielding, slow wielding, warmup strikes, no jewellery
a: Invent Gizmo, Renounce Religion, Berserk, Trog's Hand


You were on level 4 of the Dungeon.
You worshipped Trog.
Trog was pleased with you.
You visited 1 branch of the dungeon, and saw 4 of its levels.

You collected 246 gold pieces.

Inventory:

Hand Weapons
 a - a +0 spear (offhand) {Qitarah}
 c - a +0 trident (weapon) {Suthep}
Armour
 f - a +0 helmet (worn)
 l - a +0 leather armour (worn)
Wands
 b - a wand of flame (6)
Scrolls
 d - a scroll of noise {unknown}
 e - 3 scrolls of amnesia {unknown}
 k - 7 scrolls of identify {unknown}
 p - a scroll of teleportation {unknown}
 q - a scroll of enchant weapon {unknown}
Potions
 g - a potion of brilliance {unknown}
 h - a potion of might {unknown}
 i - a potion of attraction {unknown}
 j - 3 potions of mutation {unknown}
 m - a potion of ambrosia {unknown}
 n - a potion of heal wounds {unknown}
 o - a potion of curing {unknown}
 r - a potion of degeneration {unknown}


   Skills:
 + Level 4.0 Fighting
 * Level 4.4 Polearms
 - Level 1.7 Armour
 - Level 1.7 Dodging


You had 4 spell levels left.
You didn't know any spells.
Your spell library was empty.

Dungeon Overview and Level Annotations

Branches:
Dungeon (4/15)
 Temple: D:4-7

Altars:
Qazlal

Annotations:
D:4 Dowan, Duvessa


Innate Abilities, Weirdness & Mutations

You can wield a second weapon in your off-hand.
It takes a long time for you to wield or remove held weapons.
Your first few attacks do less damage.
You cannot equip rings or amulets.


Message History

A howler monkey comes into view.
You reach to attack!
The howler monkey howls!
You puncture the quokka with your +0 trident!
You kill the quokka!
Trog accepts your kill.
The howler monkey hoots and howls with incredible vigour!
You hear an angry hiss.
The howler monkey hoots and howls with incredible vigour!
A goblin comes into view. It is wielding a +0 dagger.
The goblin shouts!
Dowan says, "My weaknesses are her strengths!"
The howler monkey hoots and howls with incredible vigour!
You hear a shout!
Dowan gestures at Duvessa while chanting.
Duvessa seems to speed up.
Duvessa says, "When magic and the sword combine, nothing stands against them."
Duvessa completely misses you.
Duvessa says, "Where magic fails, the sword succeeds!"
Duvessa hits you with a +2 short sword of speed.
Duvessa hits you with a +2 short sword of speed!
Duvessa closely misses you. Duvessa attacks as she pursues you!
Duvessa hits you with a +2 short sword of speed.
Duvessa attacks as she pursues you!
Duvessa hits you with a +2 short sword of speed! x2
* * * LOW HITPOINT WARNING * * *
Duvessa attacks as she pursues you! Duvessa closely misses you.
Duvessa hits you with a +2 short sword of speed.
* * * LOW HITPOINT WARNING * * *
Duvessa closely misses you.
Your skin crawls.
You feel strong-willed. Duvessa closely misses you.
Duvessa says, "Where magic fails, the sword succeeds!"
Duvessa hits you with a +2 short sword of speed!
* * * LOW HITPOINT WARNING * * *
Duvessa barely misses you.
Duvessa hits you with a +2 short sword of speed!
You die...

##################.####
.......................
...................### ...
...................#.. ...
...................#.# .<#
...................#.# ..##.
...................#.##.....
...............e...#.....#
............g.he@..)..#
.......#########..##.##
######## #.###)# # #.# #.# #
####.###.#### #
##...........# #
...####.###.# # #.#......#
.. # #......#.########


You could see Duvessa (fast), Dowan, a howler monkey and a goblin.

Vanquished Creatures
  An orc priest (D:3)
  An orc wizard (D:3)
  2 dart slugs
  5 orcs (D:3)
  5 endoplasms
  4 giant cockroaches
  9 goblins
  4 hobgoblins
  A jackal (D:3)
  4 kobolds
  4 quokkas
  7 ball pythons
  4 bats
  4 frilled lizards
  4 rats
59 creatures vanquished.

Notes
Turn   | Place    | Note
-------+----------+-------------------------------------------
     0 | D:1      | jejorda2 the Coglin Berserker began the quest for the Orb.
     0 | D:1      | Reached XP level 1. HP: 18/18 MP: 1/1
   115 | D:1      | Reached XP level 2. HP: 24/24 MP: 2/2
   309 | D:1      | Reached XP level 3. HP: 28/29 MP: 3/3
   330 | D:1      | Reached ** piety under Trog
  1654 | D:3      | Identified the amulet of Salvation {Spirit rElec rF- rCorr
                  | Dex+2}
  1780 | D:3      | Reached XP level 4. HP: 33/37 MP: 4/4
  1900 | D:3      | Found a faded altar of an unknown god.
  1950 | D:3      | Reached XP level 5. HP: 30/42 MP: 5/5
  2314 | D:3      | Found a stormy altar of Qazlal.
  2407 | D:4      | Noticed Duvessa
  2407 | D:4      | Noticed Dowan
  2428 | D:4      | HP: 2/42 [Duvessa/+2 short sword of speed (10)]
  2430 | D:4      | Slain by Duvessa

Illustrated notes

Levels and vault maps discovered:
D:1:      scummos_arrival_star, layout_rooms
D:2:      layout_loops_ring, minivault_19
D:3:      layout_basic, lemuel_coloured_pillars_altar, serial_corexii_hall,
          corexii_hall_statues_x, chequers_hall_statues_corner_a,
          corexii_hall_statues_x, chequers_hall_statues_wall_a,
          shapermc_ecumenical_altar_flowoftime, minmay_close_crescents
D:4:      layout_basic, uniq_duvessa

Skill      XL: |  1  2  3  4 |
---------------+-------------+-----
Polearms       | 3 4 |  4.4
Fighting       | 4 |  4.0
Armour         | |  1.7
Dodging        | |  1.7

Action                     |  1- 3 |  4- 6 || total
---------------------------+-------+-------++-------
  Melee: Spear             |    96 |    29 ||   125
         Dagger            |    64 |       ||    64
         War axe           |       |    20 ||    20
         Trident           |       |     5 ||     5
 Invoke: Trog's Hand       |       |     2 ||     2
   Stab: Sleeping          |     2 |       ||     2
 Armour: Animal skin       |    19 |       ||    19
         Leather armour    |    10 |    17 ||    27
  Dodge: Dodged            |    30 |    19 ||    49

Table legend: (Time is in decaauts)
 A = Elapsed time spent in this place.
 B = Non-inter-level travel time spent in this place.
 C = Inter-level travel time spent in this place.
 D = Time resting spent in this place.
 E = Time spent auto-exploring this place.
 F = Levels seen in this place.
 G = Mean time per level.
                   A        B        C        D        E       F      G
               +--------+--------+--------+--------+--------+-----+--------+
         Total |   2428 |   2347 |     81 |      0 |   1955 |   4 |  607.0 |
       Dungeon |   2428 |   2347 |     81 |      0 |   1955 |   4 |  607.0 |
               +--------+--------+--------+--------+--------+-----+--------+

Top non-repeatable levels by time:
     D:3: 1176 daAuts
     D:2: 641 daAuts
     D:1: 531 daAuts
     D:4: 79 daAuts
